 Dungeon Crawl Stone Soup version 0.31-a0-1447-g87ca8d402b (webtiles) character file.

Game seed: 10743990200850114923

1012 Curundu the Cudgeller (level 8, -8/70 HPs)
             Began as a Minotaur Berserker on Dec 27, 2023.
             Was a Priest of Trog.
             Killed from afar by an efreet (16 damage)
             ... with a bolt of fire
             ... on level 1 of the Abyss.
             The game lasted 00:13:56 (3065 turns).

Curundu the Cudgeller (Minotaur Berserker)          Turns: 3065, Time: 00:13:57

Health: -8/70      AC: 18    Str: 24    XL:     8   Next: 1%
Magic:  7/7        EV:  6    Int:  1    God:    Trog [***...]
Gold:   142        SH:  0    Dex: 10    Spells: 7/7 levels left

rFire   + . .        s - +1 falchion (protect)
rCold   + . .        (no shield)
rNeg    . . .        r - +0 chain mail
rPois   +            (helmet restricted)
rElec   .            b - scarf "Zapty" {rC+ rF+, rPois Int-3 SInv Stlth+}
rCorr   .            a - +0 pair of gloves
SInv    +            (no boots)
Will    ++...        (no amulet) Stlth
                     (no ring)
HPRegen 1.31/turn    (no ring)
MPRegen 0.10/turn

%: no passive effects
@: strong-willed (expiring), under a protective aura, regenerating (expiring),
constricted
A: horns 2, retaliatory headbutt
a: Renounce Religion, Berserk, Trog's Hand


You were on level 1 of the Abyss.
You worshipped Trog.
Trog was most pleased with you.
You visited 1 branch of the dungeon, and saw 4 of its levels.
You visited the Abyss 1 time.

You collected 142 gold pieces.

Inventory:

Hand Weapons
 s - a +1 falchion of protection (weapon)
Missiles
 d - 5 poisoned darts
 m - a throwing net (quivered)
Armour
 a - a +0 pair of gloves (worn)
 b - the scarf "Zapty" (worn) {rC+ rF+, rPois Int-3 SInv Stlth+}
   (You found it on level 2 of the Dungeon)

   Int-3:     It affects your intelligence (-3).
   rPois:     It protects you from poison SInv: It lets you see invisible.
   Stlth+:    It makes you more stealthy.
 r - a +0 chain mail (worn)
Scrolls
 c - a scroll of blinking {unknown}
 f - 6 scrolls of identify {unknown}
 g - 4 scrolls of enchant armour {unknown}
 o - 2 scrolls of enchant weapon {unknown}
 q - 2 scrolls of teleportation {unknown}
Potions
 e - a potion of invisibility {unknown}
 i - a potion of might {unknown}
 j - a potion of haste {unknown}
 k - a potion of heal wounds {unknown}
 l - a potion of degeneration {unknown}
 n - 2 potions of curing {unknown}


   Skills:
 + Level 6.2 Fighting
 + Level 4.7 Short Blades
 + Level 6.3 Maces & Flails
 + Level 5.5 Armour
 + Level 3.5 Dodging
 + Level 1.2 Stealth


You had 7 spell levels left.
You didn't know any spells.
Your spell library was empty.

Dungeon Overview and Level Annotations

Branches:
Dungeon (4/15)
 Temple: D:4-7

Altars:

Shops:
D:1 !


Innate Abilities, Weirdness & Mutations

You have a pair of horns on your head.
You reflexively headbutt those who attack you in melee.


Message History

You feel the effects of Trog's Hand fading.
The demonic crawler closely misses you.
The demonic crawler hits you but does no damage. x2
The efreet hits you with a +1 scimitar of flaming.
The efreet burns you. The starspawn tentacle grabs you.
The starspawn tentacle constricts you.
You barely miss the demonic crawler. You headbutt the demonic crawler!
The demonic crawler is lightly wounded.
The demonic crawler barely misses you. The demonic crawler hits you!
The demonic crawler barely misses you.
The starspawn tentacle loses its grip on you.
The tentacle pulls you backwards! The tentacled starspawn bites you.
The tentacled starspawn tentacle-slaps you.
The starspawn tentacle grabs you. The starspawn tentacle constricts you.
The demonic crawler hits you! x3
* * * LOW HITPOINT WARNING * * *
Throw: 3 throwing nets
Press: ? - help, Q - select action, (/) - cycle Shift-Dir - straight line, f - demonic crawler
Aim: a demonic crawler (72% to hit)
You throw a throwing net.
The throwing net hits the demonic crawler.
The demonic crawler is caught in the net!
A white imp comes into view.
The starspawn tentacle loses its grip on you.
The tentacle pulls you backwards! The efreet gestures at you.
The bolt of fire hits you. You resist.
* * * LOW HITPOINT WARNING * * *
The demonic crawler struggles against the net.
The starspawn tentacle grabs you. The starspawn tentacle constricts you.
Throw: 2 throwing nets
Press: ? - help, Q - select action, (/) - cycle Shift-Dir - straight line, f - efreet, p - demonic crawler
Aim: an efreet, wielding a +1 scimitar of flaming (lightly wounded, 76% to hit)
You throw a throwing net. The throwing net hits the efreet.
The efreet is caught in the net!
The efreet is lightly wounded.
The demonic crawler struggles against the net.
The efreet gestures at you. The bolt of fire hits you! You resist.
You die...

.. #.. .#.§ ####.##
..### .5# .#..#..#
#....##.##...#.##..# #
#..>..#........# #...
.# ..#.#.Λ.....#.. ##
.. ..... #│.R.### .
.... #..│#X.s°.## # .
#. # ## #w@....# # . #
..# . #..#.##.#.#. .#
....##...§##...##.....#
#......##.##....... .
#..#.#.##...... .. #
.#.......##.#...# . #
#...##..#.#.#.#. .. .
..##. #.## .#.. .#..
#.### .... # . #


You could see a tentacled starspawn, a demonic crawler (caught), an efreet
(caught), a starspawn tentacle and a white imp.

Vanquished Creatures
  Grinder (D:4)
  Eustachio (D:4)
  Menkaure (D:4)
  An ice beast (D:3)
  2 phantoms (D:4)
  A howler monkey (D:3)
  A bombardier beetle (D:3)
  3 orc wizards (D:4)
  4 gnolls (D:4)
  5 adders
  2 worms (D:2)
  2 dart slugs (D:1)
  7 orcs
  6 ball pythons
  8 endoplasms
  5 giant cockroaches
  6 goblins
  7 hobgoblins
  3 jackals (D:4)
  6 quokkas
  8 bats
  2 frilled lizards
  5 kobolds
  3 rats
90 creatures vanquished.

Vanquished Creatures (others)
  3 starspawn tentacles (Abyss:1)
3 creatures vanquished.

Grand Total: 93 creatures vanquished

Notes
Turn   | Place    | Note
-------+----------+-------------------------------------------
     0 | D:1      | Curundu the Minotaur Berserker began the quest for the Orb.
     0 | D:1      | Reached XP level 1. HP: 19/19 MP: 0/0
    65 | D:1      | Found Sopushrauk's Distillery.
   101 | D:1      | Reached XP level 2. HP: 21/27 MP: 1/1
   398 | D:1      | Reached XP level 3. HP: 32/33 MP: 2/2
   859 | D:2      | Identified the scarf "Zapty" {rC+ rF+, rPois Int-3 SInv
                  | Stlth+}
   870 | D:2      | Reached ** piety under Trog
   926 | D:2      | Reached XP level 4. HP: 41/41 MP: 3/3
  1497 | D:3      | Reached skill level 1 in Short Blades
  1585 | D:3      | Reached skill level 5 in Maces & Flails
  1585 | D:3      | Reached XP level 5. HP: 29/47 MP: 4/4
  2168 | D:3      | Noticed an ice beast
  2184 | D:3      | Killed an ice beast
  2185 | D:3      | Reached skill level 5 in Fighting
  2185 | D:3      | Reached XP level 6. HP: 50/56 MP: 5/5
  2354 | D:4      | Reached *** piety under Trog
  2526 | D:4      | Noticed Menkaure
  2536 | D:4      | Killed Menkaure
  2537 | D:4      | Reached skill level 1 in Stealth
  2537 | D:4      | Reached XP level 7. HP: 32/61 MP: 6/6
  2716 | D:4      | Noticed Grinder
  2760 | D:4      | Paralysed by Grinder for 3 turns
  2766 | D:4      | Paralysed by Grinder for 4 turns
  2783 | D:4      | Paralysed by Grinder for 5 turns
  2789 | D:4      | Killed Grinder
  2790 | D:4      | Reached skill level 5 in Armour
  2976 | D:4      | Noticed Eustachio
  2986 | D:4      | Killed Eustachio
  2987 | D:4      | Reached XP level 8. HP: 70/70 MP: 7/7
  2993 | Abyss:1  | Cast into level 1 of the Abyss (unwielding a weapon of
                  | distortion)
  3054 | Abyss:1  | Noticed an efreet
  3055 | Abyss:1  | Noticed a tentacled starspawn
  3057 | Abyss:1  | Noticed a demonic crawler
  3065 | Abyss:1  | Killed from afar by an efreet

Illustrated notes

Levels and vault maps discovered:
D:1:      reono_arrival_mine, layout_rooms, serial_shops, shop,
          chequers_serial_rivers_small_a, minmay_hedge_maze
D:2:      layout_rooms, serial_corexii_hall, corexii_hall_statues_t,
          corexii_hall_statues_l, corexii_hall_statues_deadend,
          corexii_hall_statues_deadend, nicolae_figureground_pulse
D:3:      layout_basic, minmay_box_of_dots
D:4:      layout_basic, uniq_eustachio, uniq_grinder, uniq_menkaure
Abyss:1:  base:
D:1

Skill      XL: |  1  2  3  4  5  6  7 |
---------------+----------------------+-----
Fighting       | 4 5 6 |  6.2
Maces & Flails | 4 5 6 |  6.3
Short Blades   | 1 2 4 |  4.7
Armour         | 3 4 5 |  5.5
Dodging        | 3 |  3.5
Stealth        | 1 |  1.2

Action                     |  1- 3 |  4- 6 |  7- 9 || total
---------------------------+-------+-------+-------++-------
  Melee: Mace              |    34 |       |       ||    34
         Dagger            |    87 |    42 |       ||   129
         Headbutt          |    26 |    18 |     9 ||    53
         Whip              |       |    45 |    48 ||    93
         Punch             |       |     1 |       ||     1
         Falchion          |       |       |     5 ||     5
  Throw: Throwing net      |       |       |     2 ||     2
 Invoke: Trog's Hand       |       |       |     1 ||     1
 Armour: Animal skin       |    36 |       |       ||    36
         Scale mail        |     4 |    29 |       ||    33
         Chain mail        |       |    10 |    35 ||    45
  Dodge: Dodged            |    68 |    47 |    17 ||   132

Table legend: (Time is in decaauts)
 A = Elapsed time spent in this place.
 B = Non-inter-level travel time spent in this place.
 C = Inter-level travel time spent in this place.
 D = Time resting spent in this place.
 E = Time spent auto-exploring this place.
 F = Levels seen in this place.
 G = Mean time per level.
                   A        B        C        D        E       F      G
               +--------+--------+--------+--------+--------+-----+--------+
         Total |   3052 |   3052 |      0 |    209 |   1922 |   5 |  610.4 |
       Dungeon |   2980 |   2980 |      0 |    209 |   1878 |   4 |  745.0 |
         Abyss |     72 |     72 |      0 |      0 |     44 |   1 |   72.0 |
               +--------+--------+--------+--------+--------+-----+--------+

Top non-repeatable levels by time:
     D:3: 868 daAuts
     D:1: 712 daAuts
     D:2: 707 daAuts
     D:4: 692 daAuts
 Abyss:1: 72 daAuts
